 Dungeon Crawl Stone Soup version 0.28.0-45-g0d030f2227 (webtiles) character file.

Game seed: 8169425728473071823

51 NinjaNoafa the Digger (level 3, -1/28 HPs)
             Began as a Draconian Earth Elementalist on Apr 7, 2022.
             Shot with a stone by a goblin (4 damage)
             ... on level 2 of the Dungeon.
             The game lasted 00:06:23 (1517 turns).

NinjaNoafa the Digger (DrEE)                        Turns: 1517, Time: 00:06:24

Health: -1/28      AC:  5    Str: 12    XL:     3   Next: 58%
Magic:  1/6        EV: 12    Int: 17    God:
Gold:   38         SH:  0    Dex: 11    Spells: 5/6 levels left

rFire   . . .      SeeInvis .   f - +4 dagger (venom)
rCold   . . .      Faith    .   (no shield)
rNeg    . . .      Spirit   .   (armour unavailable)
rPois   .          Reflect  .   (helmet restricted)
rElec   .          Harm     .   (no cloak)
rCorr   .          Rampage  .   (no gloves)
Will    .....                   (no boots)
Stlth   ++........              (no amulet)
HPRegen 0.09/turn               h - ring of flight
MPRegen 0.10/turn               (no ring)

@: flying, very slightly contaminated
A: AC +5, unfitting armour, cold-blooded, antennae 1, strong 1
a: no special abilities


You were on level 2 of the Dungeon.
You visited 1 branch of the dungeon, and saw 3 of its levels.

You collected 38 gold pieces.

Inventory:

Hand Weapons
 f - a +4 dagger of venom (weapon)
 i - a +0 dagger of pain
Missiles
 a - 9 poisoned darts (quivered)
 b - 69 stones
Jewellery
 h - a ring of flight (left hand)
Potions
 e - a potion of resistance


   Skills:
 * Level 1.5 Fighting
 + Level 2.2 Dodging
 + Level 2.2 Stealth
 + Level 2.2 Spellcasting
 + Level 1.5 Transmutations
 + Level 3.2 Earth Magic


You had 5 spell levels left.
You knew the following spells:

 Your Spells              Type           Power      Damage    Failure   Level
a - Sandblast             Erth           24%        2d8       4%          1

Your spell library contained the following spells:

 Spells                   Type           Power      Damage    Failure   Level
 Passwall                 Tmut/Erth      8%         N/A       11%         2
 Static Discharge         Conj/Air       1%         N/A       28%         2
 Stone Arrow              Conj/Erth      14%        3d7       28%         3
 Petrify                  Tmut/Erth      10%        N/A       56%         4
 Lightning Bolt           Conj/Air       0%         1d11      99%         5
 Maxwell's Capacitive Co  Air            0%         ∞         100%        8


Dungeon Overview and Level Annotations

Branches:
Dungeon (3/15)

Altars:
Sif Muna

Shops:
D:1 (

Annotations:
D:2 Robin


Innate Abilities, Weirdness & Mutations

Your plain brown scales are hard. (AC +5)
You cannot fit into any form of body armour.
You are cold-blooded and may be slowed by cold attacks.
You have a pair of small antennae on your head.
Your muscles are strong. (Str +2)


Message History

The rat misses you. As you open the door, it creaks loudly!
The rat bites you but does no damage. The hobgoblin misses you.
There is an open door here.
You feel a little less clever now.
Your magical contamination has completely faded away.
Casting: Sandblast (safe; 4% risk of failure)
Confirm with . or Enter, or press ? or * to list all spells.
Aiming: Sandblast (safe; 4% risk of failure)
Press: ? - help, Shift-Dir - straight line, f - rat
Aim: a rat (79% to hit)
The blast of sand hits the rat!
You kill the rat!
b - 70 stones
Casting: Sandblast (safe; 4% risk of failure)
Confirm with . or Enter, or press ? or * to list all spells.
Aiming: Sandblast (safe; 4% risk of failure)
Press: ? - help, Shift-Dir - straight line, f - hobgoblin
Aim: a hobgoblin (severely wounded, 79% to hit)
You miscast Sandblast.
You are very lightly contaminated with residual magic.
Nothing appears to happen.
The goblin unwields a +0 dagger.
The goblin wields a +0 hunting sling.
The goblin shoots a stone.
The stone closely misses you.
Casting: Sandblast (safe; 4% risk of failure)
Confirm with . or Enter, or press ? or * to list all spells.
Aiming: Sandblast (safe; 4% risk of failure)
Press: ? - help, Shift-Dir - straight line, f/p - hobgoblin
Aim: a hobgoblin (heavily wounded, 79% to hit)
The blast of sand hits the hobgoblin but does no damage.
The hobgoblin is heavily wounded.
b - 69 stones You barely miss the hobgoblin.
You tail-slap the hobgoblin, but do no damage.
The hobgoblin is heavily wounded.
The hobgoblin hits you.
* * * LOW HITPOINT WARNING * * *
The hobgoblin hits you but does no damage.
The goblin shoots a stone.
The stone hits you.
You die...

### #( ######## ....
#.##...... ..... ....#<.[#
########..... ...g...#
#.........#
#......###.........#
#........#....@....#
###...!#.###.g.g.....#
....>......'†........+
###........#.........#
###..).).#################
#......# #†....######
#......# #.....#<...#
######## ######..†.....(..
#................


You could see a hobgoblin and a goblin.

Vanquished Creatures
  An adder (D:2)
  A dart slug (D:2)
  2 endoplasms (D:1)
  A giant cockroach (D:1)
  2 goblins (D:1)
  5 hobgoblins (D:1)
  A quokka (D:2)
  2 ball pythons
  10 bats
  A frilled lizard (D:1)
  8 kobolds
  6 rats
40 creatures vanquished.

Notes
Turn   | Place    | Note
-------+----------+-------------------------------------------
     0 | D:1      | NinjaNoafa the Draconian Earth Elementalist began the quest
                  | for the Orb.
     0 | D:1      | Reached XP level 1. HP: 14/14 MP: 3/3
   171 | D:1      | Reached XP level 2. HP: 18/20 MP: 0/5
   899 | D:1      | Reached skill level 1 in Fighting
   909 | D:1      | Found Wamm's Weapon Shop.
   919 | D:1      | Reached XP level 3. HP: 24/28 MP: 2/6
  1466 | D:2      | Gained mutation: You have a pair of small antennae on your
                  | head. [potion of mutation]
  1466 | D:2      | Gained mutation: Your muscles are strong. (Str +2) [potion
                  | of mutation]
  1482 | D:2      | Found a shimmering blue altar of Sif Muna.
  1484 | D:2      | Noticed Robin
  1517 | D:2      | Shot with a stone by a goblin

Illustrated notes

Levels and vault maps discovered:
D:1:      dpeg_arrival_oval, layout_basic, serial_shops, shop,
          roderic_serpentine_path
D:2:      layout_basic, basic_altar, uniq_robin
D:3:      layout_loops_corners

Skill      XL: |  1  2 |
---------------+-------+-----
Stealth        | 2 |  2.2
Dodging        | 2 |  2.2
Fighting       | 1 |  1.5
Spellcasting   | |  2.2
Transmutations | |  1.5
Earth Magic    | |  3.2

Action                   || total
-------------------------++-------
Melee: Unarmed           ||    24
       Tailslap          ||     4
       Dagger            ||    17
Throw: Dart              ||     1
 Cast: Sandblast         ||    40
  Use: Scroll            ||     3
       Potion            ||     2
 Stab: Sleeping          ||     1
Armor: Skin              ||    26
Dodge: Dodged            ||    53
